Map: [ESL] Gresvan

Players

Coffee - Winner!

  • Race: Terran Terran
  • Spawn Location: 11:00

Oliveira

  • Race: Terran Terran
  • Spawn Location: 5:00

Event: ESL SC2 Masters 2023 Summer (Regionals)

VOD

Have the link to the VOD?

Description

Time

  • Played on: May 21, 2023, 9:23 a.m.
  • Length: 14:49

All games in this series

Show
View Real Time Build Order
Export as new Build Order

Coffee Terran - Winner!

Build Orders:  

Get SALT Encoding   

  12  0:00  SCV  
  13  0:12  SCV  
  14  0:18  Supply Depot  
  14  0:40  Barracks  
  14  0:41  Refinery  
  14  0:53  Barracks  
  14  0:57  SCV  
  15  1:09  SCV  
  16  1:27  Orbital Command, Reaper  
  16  1:30  Refinery  
  17  1:43  Reaper  
  18  1:51  Supply Depot  
  18  1:53  SCV  
  19  1:59  Reaper  
  20  2:05  SCV  
  21  2:15  Reaper  
  22  2:17  SCV  
  23  2:29  SCV  
  23  2:33  Reaper  
  24  2:38  Factory  
  24  2:41  SCV  
  25  2:47  Supply Depot  
  25  2:49  Reaper  
  26  2:53  SCV  
  27  3:05  SCV  
  27  3:09  Reaper  
  29  3:18  SCV  
  30  3:22  Factory Tech Lab  
  30  3:25  Command Center  
  30  3:30  SCV  
  30  3:33  Reaper  
  29  3:42  SCV  
  29  3:44  Starport  
  30  3:48  Cyclone  
  30  3:54  SCV  
  34  3:56  Supply Depot  
  34  4:06  SCV  
  35  4:16  Refinery  
  35  4:18  SCV  
  35  4:21  Starport Tech Lab  
  35  4:22  Cyclone  
  39  4:30  SCV  
  40  4:37  Command Center  
  40  4:44  Orbital Command  
  40  4:48  Raven  
  42  4:57  SCV  
  41  5:06  Siege Tank  
  42  5:09  SCV  
  42  5:10  SCV  
  44  5:21  SCV  
  44  5:22  SCV, Viking  
  48  5:33  Barracks, SCV, Barracks Reactor  
  48  5:34  Barracks, SCV  
  50  5:46  SCV x2  
  50  6:04  Raven  
  50  6:05  SCV x2  
  50  6:10  Orbital Command, Marine x2  
  54  6:12  Engineering Bay  
  54  6:13  Engineering Bay  
  54  6:17  SCV  
  55  6:19  Siege Tank  
  55  6:22  SCV  
  55  6:25  Barracks Reactor x2  
  59  6:30  Orbital Command  
  59  6:33  SCV  
  59  6:34  SCV  
  61  6:40  Terran Infantry Weapons Level 1, Terran Infantry Armor Level 1  
  61  6:43  Refinery  
  61  6:44  Stimpack  
  61  6:45  SCV  
  61  6:46  SCV  
  63  6:57  Barracks, Marine, SCV  
  63  6:58  Barracks, SCV, Siege Tank  
  63  7:00  SCV  
  70  7:06  Marine x4  
  74  7:09  SCV  
  74  7:11  SCV, Supply Depot  
  74  7:12  SCV  
  77  7:19  Supply Depot  
  77  7:20  Supply Depot  
  77  7:24  Marine, Medivac x2, SCV x2  
  84  7:31  Marine  
  84  7:32  Marine x3  
  84  7:33  SCV  
  84  7:35  Siege Tank  
  84  7:36  SCV  
  93  7:39  Supply Depot  
  93  7:40  Supply Depot  
  93  7:43  SCV  
  93  7:45  SCV, Barracks Reactor  
  93  7:46  Barracks Reactor  
  93  7:51  SCV  
  95  7:53  Marine x5  
  95  7:55  SCV  
  101  8:00  SCV  
  101  8:02  Medivac  
  101  8:03  Medivac  
  106  8:11  Marine x4  
  106  8:12  Siege Tank  
  113  8:13  Refinery x2  
  113  8:14  SCV x2  
  113  8:16  SCV  
  113  8:17  Supply Depot  
  116  8:21  Armory  
  116  8:25  Marine  
  116  8:26  Marine x4  
  121  8:29  Marine x2  
  119  8:35  Marine x2  
  120  8:43  Marine x2  
  115  8:49  Marine x5  
  115  8:50  Siege Tank  
  115  8:51  SCV  
  115  8:52  Marine, Medivac x2  
  115  8:53  Marine  
  118  9:01  Marine x2, SCV x2  
  118  9:07  Marine x5  
  123  9:10  Marine x2  
  123  9:11  Terran Infantry Weapons Level 2  
  123  9:16  Terran Infantry Armor Level 2  
  125  9:18  Marine  
  125  9:19  Marine  
  120  9:26  Marine x2  
  120  9:27  Siege Tank  
  120  9:28  SCV x2  
  120  9:29  Command Center  
  127  9:35  Marine x3  
  127  9:36  Marine x2, Combat Shield  
  127  9:38  SCV  
  133  9:46  Medivac x2  
  133  9:47  SCV  
  133  9:49  Marine x2  
  133  9:52  Marine  
  141  10:03  Terran Vehicle Weapons Level 1  
  141  10:04  Supply Depot  
  141  10:05  Supply Depot x2, Factory  
  141  10:19  Marine x5, Siege Tank, SCV x2  
  133  10:22  Marine x3  
  133  10:25  Medivac x2  
  133  10:26  Marine  
  141  10:36  Marine x2  
  141  10:38  SCV x2  
  145  10:45  Marine  
  145  10:46  Marine x3  
  149  10:51  Sensor Tower, Siege Tank  
  149  10:52  Factory Tech Lab  
  152  10:59  Factory  
  152  11:05  Barracks  
  152  11:06  Barracks, Barracks Reactor  
  152  11:09  Barracks  
  152  11:14  Viking  
  152  11:15  Viking  
  152  11:18  Marine x5  
  151  11:20  SCV x2  
  151  11:23  Siege Tank  
  151  11:24  Planetary Fortress  
  161  11:25  SCV  
  161  11:30  Supply Depot  
  161  11:32  SCV  
  161  11:33  SCV  
  161  11:36  Terran Infantry Weapons Level 3, Terran Infantry Armor Level 3  
  161  11:37  SCV  
  161  11:39  Supply Depot  
  164  11:45  SCV, Marine  
  166  11:53  Marine x2  
  168  11:55  Marine x6  
  168  11:56  Siege Tank x2  
  168  11:59  Refinery  
  168  12:00  Refinery  
  180  12:17  Marine x4  
  180  12:18  Marine x8  
  192  12:33  Marine  
  192  12:34  Siege Tank  
  196  12:45  Marine x2  
  196  12:47  Marine, Siege Tank  
  196  12:48  Marine x6  
  187  12:54  Marine x4  
  187  12:55  Medivac x2  
  178  13:04  Command Center  
  178  13:05  Starport  
  178  13:06  Starport x2  
  178  13:08  Fusion Core  
  178  13:10  Siege Tank  
  181  13:19  Siege Tank  
  184  13:23  Command Center  
  184  13:25  Medivac x2  
  188  13:27  Command Center  
  188  13:32  Marine x6  
  194  13:34  Sensor Tower  
  194  13:37  Marine x2, Barracks Reactor  
  196  13:52  Marine x2  
  194  13:55  Starport Reactor  
  194  13:56  Starport Reactor  
  194  13:57  Starport Tech Lab  
  194  13:58  Marine, Siege Tank  
  194  14:00  Marine  
  194  14:02  Siege Tank  
  194  14:08  Marine x2  
  188  14:11  Marine  
  188  14:12  Marine x7  
Show
View Real Time Build Order
Export as new Build Order

Oliveira Terran 

Build Orders:  

Get SALT Encoding   

  12  0:00  SCV  
  13  0:12  SCV  
  14  0:17  Supply Depot  
  14  0:24  SCV  
  15  0:38  SCV  
  15  0:40  Barracks  
  16  0:43  Refinery  
  16  0:50  SCV  
  16  0:54  Refinery  
  17  1:03  SCV  
  18  1:15  SCV  
  19  1:27  Orbital Command, Reaper  
  19  1:28  Supply Depot  
  20  1:44  Factory  
  20  1:53  SCV  
  21  2:01  Reaper  
  22  2:05  SCV  
  23  2:17  SCV  
  24  2:29  SCV  
  25  2:30  Hellion  
  25  2:33  Reaper  
  27  2:39  Supply Depot  
  27  2:41  SCV  
  28  2:52  Hellion  
  28  2:53  SCV  
  31  3:02  Command Center  
  31  3:06  Reaper  
  31  3:10  SCV  
  33  3:13  Hellion  
  35  3:27  SCV  
  35  3:31  Supply Depot  
  32  3:44  Barracks Reactor  
  32  3:46  Factory Tech Lab  
  32  3:47  SCV  
  32  3:48  Starport  
  32  3:59  SCV  
  33  4:04  Cyclone  
  36  4:11  SCV  
  37  4:19  Orbital Command  
  37  4:20  Marine  
  37  4:21  Marine  
  39  4:24  Medivac  
  39  4:27  SCV  
  42  4:36  Cyclone  
  45  4:38  Marine x2  
  45  4:41  Refinery  
  45  4:45  Orbital Command, SCV  
  48  4:56  Marine  
  48  4:58  Starport Tech Lab  
  46  5:00  SCV  
  46  5:01  Marine  
  46  5:12  SCV  
  47  5:14  Marine  
  47  5:16  Siege Tank  
  47  5:17  SCV  
  47  5:20  Marine  
  53  5:23  Supply Depot  
  53  5:24  SCV  
  54  5:31  Raven, SCV  
  54  5:32  Marine  
  58  5:37  Marine  
  58  5:38  SCV  
  57  5:50  Marine  
  57  5:56  Marine  
  58  5:58  SCV, Siege Tank  
  56  6:07  Raven  
  56  6:09  Command Center  
  56  6:11  Marine  
  58  6:15  SCV  
  58  6:16  SCV  
  55  6:27  SCV  
  55  6:28  SCV  
  57  6:34  Barracks  
  57  6:36  Factory Reactor  
  57  6:39  SCV  
  58  6:40  Stimpack, Marine, SCV  
  58  6:41  Barracks  
  58  6:44  Raven  
  62  6:49  Supply Depot  
  62  6:51  SCV  
  62  6:52  SCV  
  64  7:03  Engineering Bay x2, SCV  
  64  7:05  SCV, Marine  
  67  7:11  Refinery  
  66  7:15  SCV  
  66  7:17  SCV  
  68  7:23  Marine  
  68  7:25  Orbital Command  
  68  7:26  Starport Reactor  
  68  7:27  Marine x2, SCV  
  68  7:28  Siege Tank  
  75  7:31  SCV  
  75  7:33  Terran Infantry Weapons Level 1, Terran Infantry Armor Level 1  
  75  7:36  Marine  
  75  7:37  Marine  
  76  7:41  Marine  
  76  7:43  Supply Depot  
  78  7:44  SCV, Marine  
  78  7:45  SCV  
  78  7:47  Orbital Command  
  78  7:48  Marine  
  82  7:54  Marine  
  82  7:56  SCV  
  82  7:57  SCV  
  85  7:59  Marine  
  85  8:02  Barracks, Marine  
  85  8:03  Barracks  
  85  8:04  Siege Tank  
  90  8:07  Supply Depot  
  90  8:12  Medivac x2  
  94  8:13  SCV  
  94  8:14  SCV  
  94  8:17  SCV  
  97  8:20  Marine  
  97  8:22  Marine  
  97  8:24  Marine  
  97  8:25  SCV  
  97  8:27  SCV  
  101  8:29  Marine  
  101  8:34  SCV  
  102  8:37  SCV, Marine  
  102  8:38  Sensor Tower, Supply Depot  
  104  8:47  Marine  
  96  8:48  SCV  
  96  8:52  Marine x2  
  86  8:58  SCV  
  86  9:00  Marine, SCV  
  77  9:04  Barracks Reactor x2  
  77  9:05  Marine  
  77  9:07  SCV, Marine  
  77  9:08  Siege Tank  
  77  9:09  Viking x2  
  83  9:11  SCV, Marine  
  83  9:13  Combat Shield  
  83  9:15  Armory  
  85  9:17  Marine  
  85  9:18  Marine  
  85  9:19  SCV  
  84  9:24  Marine  
  84  9:25  Marine  
  84  9:26  SCV  
  84  9:29  Marine  
  88  9:32  SCV x2  
  88  9:38  SCV  
  91  9:40  Viking x2  
  91  9:41  Marine x2  
  91  9:42  Siege Tank  
  100  9:47  Marine  
  100  9:49  Marine x2  
  100  9:51  Marine  
  104  9:57  Supply Depot  
  104  9:58  Marine  
  104  9:59  Marine  
  106  10:00  Marine x2  
  106  10:05  Terran Infantry Weapons Level 2  
  106  10:06  Terran Infantry Armor Level 2  
  108  10:08  Marine  
  108  10:09  Marine  
  110  10:19  Marine  
  111  10:23  Marine x3, Supply Depot  
  111  10:26  Siege Tank  
  111  10:27  Sensor Tower  
  118  10:29  Refinery  
  118  10:30  Refinery, Supply Depot x2  
  118  10:34  Marine x2, Terran Vehicle Weapons Level 1  
  118  10:38  SCV x2, Marine  
  118  10:39  Marine x2  
  123  10:46  Marine x2  
  123  10:48  Supply Depot  
  125  10:50  Marine x2  
  125  10:51  Marine x2  
  125  10:56  Marine, Medivac x2  
  134  11:00  Marine  
  135  11:04  Marine x2  
  135  11:09  Marine, Siege Tank  
  135  11:10  Command Center  
  141  11:16  Marine x2  
  141  11:17  Marine  
  141  11:18  Marine  
  143  11:20  Supply Depot  
  143  11:24  Marine, Supply Depot  
  140  11:25  SCV  
  140  11:26  Factory  
  140  11:27  SCV  
  140  11:28  SCV  
  140  11:31  Marine  
  140  11:32  Marine x2  
  145  11:34  Marine x2  
  145  11:35  Barracks Reactor  
  145  11:38  Marine, Medivac x2  
  152  11:45  Marine  
  151  11:47  Marine  
  151  11:50  Marine  
  151  11:53  Marine  
  151  11:55  Siege Tank  
  151  11:56  Marine x3  
  151  12:00  Marine  
  158  12:01  Supply Depot  
  158  12:02  Supply Depot  
  158  12:03  Marine  
  158  12:05  Marine  
  160  12:09  Marine  
  160  12:11  Marine, Siege Tank  
  160  12:13  Viking x2  
  169  12:15  Marine  
  169  12:16  Supply Depot  
  169  12:19  Marine, Supply Depot  
  171  12:23  Marine  
  171  12:25  Marine  
  171  12:28  Marine  
  174  12:30  Marine x2  
  174  12:32  Orbital Command  
  176  12:38  Marine, Missile Turret  
  176  12:42  Missile Turret, Sensor Tower  
  172  12:44  SCV  
  172  12:48  SCV  
  131  12:55  Siege Tank  
  132  12:58  SCV  
  132  13:00  SCV  
  132  13:05  Siege Tank  
  132  13:07  Planetary Fortress  
  132  13:09  SCV  
  134  13:16  Marine x2  
  134  13:18  Marine x3  
  139  13:26  SCV x2  
  141  13:28  SCV  
  141  13:32  Siege Tank  
  145  13:34  Marine  
  145  13:39  SCV, Marine x2  
  147  13:46  Orbital Command  
  147  13:47  Marine x2  
  147  13:52  Marine x2  
  147  13:55  Marine x2  
  140  13:56  Siege Tank  
  140  13:58  Medivac x2  
  140  14:00  Marine  
  139  14:03  Marine  
  137  14:12  Marine  
  137  14:15  Marine, Siege Tank  
  133  14:19  Marine  
  134  14:24  Marine x3  
  134  14:25  Marine  
  134  14:26  Marine  
  134  14:28  Marine  
Tags
 
Add a new tag
Caveats
  • Supply blocks, unpowered buildings, or Contaminate may cause inaccurate times.
  • Supply counts are checked every 10 seconds.